 Dungeon Crawl Stone Soup version 0.27.1-4-g1640c2035a (webtiles) character file.

Game seed: 10790188215893746904

2 bearlyready the Skirmisher (level 1, -2/24 HPs)
             Began as an Ogre Delver on Nov 13, 2021.
             Slain by a howler monkey (4 damage)
             ... on level 4 of the Dungeon.
             The game lasted 00:01:49 (480 turns).

bearlyready the Skirmisher (Ogre Delver)             Turns: 480, Time: 00:01:49

Health: -2/24      AC:  3    Str: 13 (15) XL:     1   Next: 30%
Magic:  1/1        EV:  9    Int: 10 (11) God:
Gold:   0          SH:  0    Dex:  7 (10) Spells: 0/0 levels left

rFire    . . .     SeeInvis .   a - +0 mace
rCold    . . .     Faith    .   (no shield)
rNeg     . . .     Spirit   .   b - +0 robe
rPois    .         Reflect  .   (helmet restricted)
rElec    .         Harm     .   (no cloak)
rCorr    .         Rampage  .   (gloves unavailable)
Will     .....                  (boots unavailable)
Stlth    ++........             (no amulet)
HPRegen  0.08/turn              (no ring)
MPRegen  0.07/turn              (no ring)

@: attractive, hasted, very quick
A: large, unfitting armour, tough skin 1
a: no special abilities


You were on level 4 of the Dungeon.
You visited 1 branch of the dungeon, and saw 3 of its levels.

Inventory:

Hand Weapons
 a - a +0 mace (weapon)
Armour
 b - a +0 robe (worn)
Wands
 g - a wand of digging (1)
Scrolls
 c - a scroll of fog


   Skills:
 - Level 4.0 Fighting
 + Level 2.0 Maces & Flails
 - Level 1.7 Dodging
 - Level 3.7 Stealth


You couldn't memorise any spells.
You didn't know any spells.
Your spell library was empty.

Dungeon Overview and Level Annotations

Branches:
Dungeon (6/15)
 Temple: D:4-7

Altars:


Innate Abilities, Weirdness & Mutations

You are too large for most types of armour.
You have tough skin. (AC +1)


Message History

The howler monkey howls!
Okay, then.
The howler monkey hoots and howls with incredible vigour!
The howler monkey hoots and howls with incredible vigour!
Okay, then.
You feel yourself speed up.
You hit the howler monkey.
The howler monkey is moderately wounded.
The howler monkey barely misses you.
It was a potion of attraction.
You feel attractive to monsters.
The howler monkey hoots and howls with incredible vigour!
The hound is pulled toward you!
You barely miss the howler monkey.
The howler monkey is moderately wounded.
The howler monkey barely misses you.
It was a potion of degeneration.
There was something very wrong with that liquid.
You feel weakened.
You feel dopey.
You feel clumsy. The howler monkey hits you.
* * * LOW HITPOINT WARNING * * *
It was a potion of curing.
You feel better.
You closely miss the howler monkey.
The howler monkey is moderately wounded.
The howler monkey hits you. The howler monkey barely misses you.
You hit the howler monkey.
The howler monkey is moderately wounded.
The howler monkey hits you.
* * * LOW HITPOINT WARNING * * *
You sock the howler monkey!
The howler monkey is severely wounded.
The howler monkey hits you.
* * * LOW HITPOINT WARNING * * *
You hit the howler monkey.
The howler monkey is severely wounded.
The howler monkey hits you but does no damage.
You closely miss the howler monkey.
The howler monkey is severely wounded.
The howler monkey hits you.
You die...

### ########.
#@## #)......#h.
##h##
#.....h.#..
##h##
#..........
##.###.......$..
##.##..........
##.#.......#
##..>.....# .
##.......##.
#..........


You could see a howler monkey and a hound.

Vanquished Creatures
  An orc (D:6)
1 creature vanquished.

Notes
Turn   | Place    | Note
-------+----------+-------------------------------------------
     0 | D:5      | bearlyready the Ogre Delver began the quest for the Orb.
     0 | D:5      | Reached XP level 1. HP: 24/24 MP: 1/1
    10 | D:5      | Noticed an iguana
    22 | D:5      | Noticed an orc warrior
    41 | D:5      | Noticed an orc priest
   301 | D:6      | Noticed a scorpion
   308 | D:5      | Noticed a scorpion
   362 | D:5      | Noticed a jelly
   369 | D:5      | Noticed a sky beast
   370 | D:5      | Noticed a scorpion
   381 | D:4      | Noticed a hound
   422 | D:4      | Noticed an orc wizard
   460 | D:4      | Noticed a howler monkey
   480 | D:4      | Slain by a howler monkey

Illustrated notes

Levels and vault maps discovered:
D:4:      layout_rooms, eino_tiny_chamber
D:5:      layout_cave_pools
D:6:      layout_cave_pools, gammafunk_ghost_arena

Skill      XL: |  1 |
---------------+----+-----
Maces & Flails | 2 |  2.0
Fighting       | |  4.0
Dodging        | |  1.7
Stealth        | |  3.7

Action                   || total
-------------------------++-------
Melee: Mace              ||     9
Evoke: Wand              ||     2
  Use: Potion            ||     4
       Scroll            ||     2
Armor: Robe              ||     1
Dodge: Dodged            ||     8
